 Dungeon Crawl Stone Soup version 0.29-a0-384-g6960b1960d (webtiles) character file.

Game seed: 13677010997476319574

364 gimp the Sneak (level 7, 0/52 HPs)
             Began as a Formicid Wanderer on May 7, 2022.
             Succumbed to a scorpion's poison
             ... on level 5 of the Dungeon.
             The game lasted 00:06:41 (3826 turns).

gimp the Sneak (Formicid Wanderer)                  Turns: 3826, Time: 00:06:42

Health: 0/52       AC:  9    Str: 17    XL:     7   Next: 0%
Magic:  8/8        EV:  9    Int: 12    God:
Gold:   132        SH:  0    Dex: 11    Spells: 8/8 levels left

rFire   . . .      SeeInvis +   b - +0 hand axe
rCold   . . .      Faith    .   (no shield)
rNeg    . . .      Spirit   .   d - +0 scale mail
rPois   .          Reflect  .   (helmet unavailable)
rElec   .          Harm     .   g - +0 cloak
rCorr   .          Rampage  .   (no gloves)
Will    .....                   c - +0 pair of boots
Stlth   +.........              (no amulet)
HPRegen 0.17/turn               q - ring of wizardry
MPRegen 0.11/turn               r - ring of flight

@: lethally poisoned (0 -> -4), flying, invisible
A: permanent stasis, dig shafts and tunnels, antennae 3, four strong arms
a: Dig, Shaft Self


You were on level 5 of the Dungeon.
You visited 1 branch of the dungeon, and saw 5 of its levels.

You collected 132 gold pieces.

Inventory:

Hand Weapons
 a - a +2 dagger
 b - a +0 hand axe (weapon)
 j - a +0 falchion
Missiles
 m - 5 poisoned darts (quivered)
Armour
 c - a +0 pair of boots (worn)
 d - a +0 scale mail (worn)
 g - a +0 cloak (worn)
 s - a +0 chain mail
Jewellery
 q - a ring of wizardry (left hand)
 r - a ring of flight (right hand)
Scrolls
 f - a scroll of identify
 h - a scroll of poison {unknown}
 i - 2 scrolls of teleportation {unknown}
 k - a scroll of immolation {unknown}
 l - a scroll of noise {unknown}
 n - 2 scrolls of amnesia {unknown}
 o - a scroll of torment
Potions
 e - 3 potions of attraction
 t - a potion of magic


   Skills:
 - Level 3.6 Fighting
 - Level 2.0 Long Blades
 + Level 4.8 Axes
 - Level 3.3 Armour
 - Level 4.8 Stealth
 - Level 1.1 Spellcasting
 - Level 1.1 Invocations


You had 8 spell levels left.
You didn't know any spells.
Your spell library contained the following spells:

 Spells                   Type           Power      Damage    Failure   Level
 Pain                     Necr           0%         1d4       36%         1
 Shock                    Conj/Air       0%         1d3       36%         1
 Corpse Rot               Necr/Air       0%         N/A       50%         2
 Poisonous Vapours        Pois/Air       0%         N/A       50%         2
 Airstrike                Air            0%         N/A       98%         4
 Agony                    Necr           0%         N/A       100%        5
 Excruciating Wounds      Necr           0%         N/A       100%        5
 Swiftness                Air            Unusable   N/A       N/A         3

Dungeon Overview and Level Annotations

Branches:
Dungeon (5/15)
 Temple: D:4-7

Altars:
Ashenzari
Nemelex Xobeh

Shops:
D:2 :

Annotations:
D:4 Sigmund


Innate Abilities, Weirdness & Mutations

You cannot be hasted, slowed, berserked, paralysed or teleported.
You can dig through walls and to a lower floor.
You have a pair of large antennae on your head. (SInv)
Your four strong arms can wield two-handed weapons with a shield.


Message History

You hit the scorpion.
The scorpion is moderately wounded.
You feel sick.
You are no longer poisoned.
The scorpion stings you.
* * * LOW HITPOINT WARNING * * *
You are poisoned.
The scorpion poisons you!
You take 2 damage, and have 15/52 hp.
You closely miss the scorpion.
The scorpion is moderately wounded.
* * * LOW HITPOINT WARNING * * *
You feel very sick.
The scorpion stings you but does no damage.
You take 3 damage, and have 12/52 hp.
Okay, then.
You aren't carrying any items that you can evoke.
Unknown command.
Okay, then.
You fade into invisibility!
* * * LOW HITPOINT WARNING * * *
You feel very sick. The scorpion stings you.
* * * LOW HITPOINT WARNING * * *
You take 6 damage, and have 6/52 hp.
You hit the scorpion but do no damage.
The scorpion is moderately wounded.
* * * LOW HITPOINT WARNING * * *
You feel sick. The scorpion closely misses you. The scorpion stings you.
* * * LOW HITPOINT WARNING * * *
You take 3 damage, and have 3/52 hp.
You hit the scorpion.
The scorpion is heavily wounded.
* * * LOW HITPOINT WARNING * * *
You feel sick. The scorpion barely misses you.
You take 2 damage, and have 1/52 hp.
You catch the helpless scorpion completely off-guard!
You hit the scorpion but do no damage.
The scorpion is heavily wounded.
You die...

#.# ####..# #.# #......
##.######## #...... #
#.........###..<...
...###..#####...........
#...............#......
#####..#####...##......
#..######..<)......
#.@.....#####>.....
#.)s###.# #...... #.....
##..### #.#.#.# #..รท..
#. ..... #.#.## #.
##.### #.#.# .. . #.#.#
## # #.#.# #....


You could see a scorpion (can't see you).

Vanquished Creatures
  A phantom (D:5)
  A necrophage (D:5)
  A hound (D:5)
  An iguana (D:2)
  Natasha (thrice) (D:3)
  An adder (D:5)
  2 worms
  3 orcs
  2 ball pythons
  4 endoplasms
  4 giant cockroaches
  8 hobgoblins
  2 jackals (D:3)
  9 kobolds
  3 quokkas
  4 bats (D:2)
  6 frilled lizards
  2 goblins (D:1)
  6 rats
63 creatures vanquished.

Vanquished Creatures (collateral kills)
  Terence (D:2)
1 creature vanquished.

Grand Total: 64 creatures vanquished

Notes
Turn   | Place    | Note
-------+----------+-------------------------------------------
     0 | D:1      | gimp the Formicid Wanderer began the quest for the Orb.
     0 | D:1      | gimp set off with the following items: a +2 dagger, a
                  | scroll of summoning, a +0 falchion, a +0 scale mail, a
                  | potion of attraction
     0 | D:1      | Reached XP level 1. HP: 13/13 MP: 2/2
   293 | D:1      | Reached skill level 1 in Fighting
   440 | D:1      | Reached XP level 2. HP: 19/21 MP: 3/3
   777 | D:2      | Found a faded altar of an unknown god.
   846 | D:2      | Reached XP level 3. HP: 8/27 MP: 4/4
  1079 | D:2      | Found Suho Jus's Book Emporium.
  1114 | D:2      | Noticed Terence
  1153 | D:2      | Killed Terence
  1154 | D:2      | Reached XP level 4. HP: 15/35 MP: 5/5
  2117 | D:3      | Noticed Natasha
  2119 | D:3      | Killed Natasha
  2120 | D:3      | Reached skill level 1 in Axes
  2120 | D:3      | Reached XP level 5. HP: 41/41 MP: 6/6
  2601 | D:3      | Noticed Natasha
  2622 | D:3      | Killed Natasha
  3018 | D:3      | Found a sparkling altar of Nemelex Xobeh.
  3063 | D:3      | Noticed Natasha
  3077 | D:3      | Killed Natasha
  3144 | D:3      | Found a broken altar of Ashenzari.
  3420 | D:4      | Reached XP level 6. HP: 41/47 MP: 7/7
  3474 | D:4      | Noticed Sigmund
  3484 | D:5      | Entered Level 5 of the Dungeon
  3814 | D:5      | Reached XP level 7. HP: 33/52 MP: 8/8
  3825 | D:5      | HP: 1/52 [poisoned by a scorpion]
  3826 | D:5      | Succumbed to a scorpion's poison

Illustrated notes

Levels and vault maps discovered:
D:1:      giann_wishing_wells, layout_basic
D:2:      layout_rooms, chequers_ecumenical_altar_simple, serial_shops, shop,
          minmay_vboxes, uniq_terence
D:3:      layout_basic, nicolae_ashenzari_panopticon, nemelex_dance_club_becter,
          uniq_natasha
D:4:      layout_basic, slow_altar_2, temple_doors_cd, uniq_sigmund,
          uniq_duvessa
D:5:      minmay_angry_zag, layout_loops_ring, tso_metal_star

Skill      XL: |  1  2  3  4  5  6 |
---------------+-------------------+-----
Fighting       | 1 2 3 |  3.6
Armour         | 3 |  3.3
Axes           | 1 3 4 |  4.8
Long Blades    | |  2.0
Stealth        | |  4.8
Spellcasting   | |  1.1
Invocations    | |  1.1

Action                   |  1- 3 |  4- 6 |  7- 9 || total
-------------------------+-------+-------+-------++-------
Melee: Dagger            |    79 |   112 |       ||   191
       Punch             |     1 |     2 |       ||     3
       Hand axe          |       |    96 |    12 ||   108
Throw: Dart              |     6 |       |       ||     6
  Use: Potion            |     1 |     3 |     1 ||     5
       Scroll            |     1 |     4 |       ||     5
 Stab: Sleeping          |       |     2 |       ||     2
       Invisible         |       |       |     1 ||     1
Armor: Scale mail        |    25 |    85 |     5 ||   115
Dodge: Dodged            |    32 |    85 |     6 ||   123

Table legend: (Time is in decaauts)
 A = Elapsed time spent in this place.
 B = Non-inter-level travel time spent in this place.
 C = Inter-level travel time spent in this place.
 D = Time resting spent in this place.
 E = Time spent auto-exploring this place.
 F = Levels seen in this place.
 G = Mean time per level.
                   A        B        C        D        E       F      G
               +--------+--------+--------+--------+--------+-----+--------+
         Total |   3826 |   3740 |     86 |    209 |   2776 |   5 |  765.2 |
       Dungeon |   3826 |   3740 |     86 |    209 |   2776 |   5 |  765.2 |
               +--------+--------+--------+--------+--------+-----+--------+

Top non-repeatable levels by time:
     D:2: 1410 daAuts
     D:3: 1252 daAuts
     D:1: 692 daAuts
     D:5: 342 daAuts
     D:4: 128 daAuts
